 Dungeon Crawl Stone Soup version 0.21.1-1-g345015fe64 (webtiles) character file.

142 Jannitor the Gusty (level 5, -4/31 HPs)
             Began as a Halfling Air Elementalist on June 29, 2018.
             Was a Follower of the Shining One.
             Killed by nerve-wracking pain
             ... invoked by Sapher's ghost
              (10 damage)
             ... on level 3 of the Dungeon.
             The game lasted 00:07:59 (3602 turns).

Jannitor the Gusty (Halfling Air Elementalist)      Turns: 3602, Time: 00:08:00

Health: -4/31      AC:  2    Str:  9    XL:     5   Next: 49%
Magic:  8/8        EV: 16    Int: 14    God:    the Shining One [*.....]
Gold:   160        SH:  0    Dex: 15    Spells: 2/8 levels left

rFire    . . .     SeeInvis .   p - +0 short sword
rCold    . . .     Gourm    .   (shield restricted)
rNeg     . . .     Faith    .   d - +0 robe
rPois    .         Spirit   .   h - +0 hat
rElec    .         Reflect  .   (no cloak)
rCorr    .         Harm     .   (no gloves)
MR       .....                  (no boots)
Stlth    +.........             (no amulet)
HPRegen  0.10/turn              (no ring)
MPRegen  0.11/turn              (no ring)

@: glowing
A: small, mutation resistance 1
a: Renounce Religion


You were on level 3 of the Dungeon.
You worshipped the Shining One.
The Shining One was aware of your devotion.
You were hungry.

You visited 1 branch of the dungeon, and saw 4 of its levels.

You collected 160 gold pieces.

Inventory:

Hand Weapons
 p - a +0 short sword (weapon)
Missiles
 k - a throwing net (quivered)
Armour
 a - a +0 robe
 d - a +0 robe (worn)
 h - a +0 hat (worn)
Wands
 g - a wand of scattershot (4)
Scrolls
 f - 5 scrolls of remove curse
 j - 4 scrolls of identify
 m - 2 scrolls of blinking
 n - a scroll of teleportation {unknown}
 q - a scroll of amnesia {unknown}
Potions
 e - 4 potions of curing
 i - a potion of resistance
 l - a potion of brilliance {unknown}
Books
 b - a book of Air

   Spells                             Type                      Level
   a - Shock                          Conjuration/Air              1
   b - Swiftness                      Charms/Air                   2
   c - Static Discharge               Conjuration/Air              3
   d - Airstrike                      Air                          4
   e - Lightning Bolt                 Conjuration/Air              5
Comestibles
 c - 8 rations


   Skills:
 + Level 3.2 Dodging
 - Level 2.7 Stealth
 + Level 2.2 Spellcasting
 + Level 1.8 Conjurations
 + Level 3.6 Air Magic
 + Level 1.4 Invocations


You had 2 spell levels left.
You knew the following spells:

 Your Spells              Type           Power        Failure   Level  Hunger
a - Shock                 Conj/Air       #...         8%          1    #......
b - Swiftness             Chrm/Air       #.......     17%         2    ###....
c - Static Discharge      Conj/Air       #.......     22%         3    ###....


Dungeon Overview and Level Annotations

Branches:
Dungeon (4/15)
 Temple: D:4-7

Altars:
Uskayaw
The Shining One

Annotations:
D:3 Sapher's ghost, weakling GnNe


Innate Abilities, Weirdness & Mutations

You are small and have problems with some larger weapons.
You are somewhat resistant to further mutation.


Message History

Unknown command.
The orc completely misses you.
There is an open door here.
Sapher's ghost says, "You must not succeed where I failed!"
Sapher's ghost says very slowly, "There's no hope."
You see here 20 poisoned needles.
Unknown command.
There is a stone staircase leading down here.
All of the chunks of flesh in your inventory have rotted away.
Things that are here:
a scale mail; a trident; an orc skeleton
Things that are here:
a flail x2
You see here a ball python skeleton.
Sapher's ghost points at you and mumbles some strange words.
Pain shoots through your body!
* * * LOW HITPOINT WARNING * * *
Sapher's ghost points at you and mumbles some strange words.
Pain shoots through your body!
You die...

#.#####.#####.##.# #.W.....# #.#
#.##.# #####....
#>#####.##.####....#)#
#.##............##.#..
#.##.##.#.......##....
#.##.##.#.W##.........
#†##.##....##...##....
############.##.##....##.........
................@.o..............
###############.###...##....##.#.
#....................###........
#.############.###.#.########.#.
#.# #..................
##.############...........#.##.#.
............................##.##
##.############..#######....##...
.....## #.## ⌠$###........


You could see Sapher's ghost and an orc.

Vanquished Creatures
  An orc priest (D:3)
  Ijyb (D:3)
  3 adders
  A worm (D:3)
  3 dart slugs
  9 orcs
  A ball python (D:3)
  2 giant cockroaches
  2 hobgoblins
  3 kobolds
  A quokka (D:2)
  8 bats
  2 frilled lizards (D:2)
  5 goblins
  5 rats
47 creatures vanquished.

Notes
Turn   | Place    | Note
-------+----------+-------------------------------------------
     0 | D:1      | Jannitor the Halfling Air Elementalist began the quest for the Orb.
     0 | D:1      | Reached XP level 1. HP: 11/11 MP: 3/3
   704 | D:1      | Reached XP level 2. HP: 17/17 MP: 2/4
   747 | D:1      | Reached skill level 1 in Conjurations
  1794 | D:2      | Reached XP level 3. HP: 21/21 MP: 3/5
  1834 | D:2      | Found a faded altar of an unknown god.
  1882 | D:2      | Became a worshipper of the Shining One
  1882 | D:2      | Reached * piety under the Shining One
  2428 | D:3      | Reached XP level 4. HP: 23/27 MP: 6/6
  2570 | D:3      | Found a hide-covered altar of Uskayaw.
  2836 | D:3      | Noticed Ijyb
  2884 | D:3      | Killed Ijyb
  2884 | D:3      | Reached skill level 1 in Invocations
  3052 | D:3      | Noticed Sapher's ghost (weakling GnNe)
  3209 | D:3      | Reached XP level 5. HP: 24/31 MP: 3/8
  3407 | D:4      | Learned a level 2 spell: Swiftness
  3411 | D:4      | Learned a level 3 spell: Static Discharge
  3602 | D:3      | Killed from afar by Sapher's ghost

Skill      XL: |  1  2  3  4 |
---------------+-------------+-----
Conjurations   | 1 |  1.8
Spellcasting   | 2 |  2.2
Invocations    | 1 |  1.4
Dodging        | 3 |  3.2
Stealth        | |  2.7
Air Magic      | |  3.6

Action                   |  1- 3 |  4- 6 || total
-------------------------+-------+-------++-------
Melee: Unarmed           |    14 |       ||    14
       Short sword       |     7 |    61 ||    68
 Cast: Shock             |    65 |    41 ||   106
  Use: Scroll            |       |     7 ||     7
       Potion            |       |     5 ||     5
  Eat: Chunk             |     6 |     4 ||    10
Armor: Robe              |     9 |     1 ||    10
       Skin              |       |    34 ||    34
Dodge: Dodged            |    25 |    42 ||    67
